 Dungeon Crawl Stone Soup version 0.30-a0-509-gd016549fea (webtiles) character file.

Game seed: 2403134690086574618

1492 NinjaNoafa the Shield-Bearer (level 8, 0/67 HPs)
             Began as a Gnoll Fighter on Dec 22, 2022.
             Slain by an ice beast (14 damage)
             ... on level 5 of the Dungeon.
             The game lasted 00:30:46 (5238 turns).

NinjaNoafa the Shield-Bearer (Gnoll Fighter)        Turns: 5238, Time: 00:30:47

Health: 0/67       AC:  8    Str: 18    XL:     8   Next: 80%
Magic:  1/13       EV: 14    Int:  8    God:
Gold:   74         SH:  5    Dex: 21    Spells: 13/14 levels left

rFire   . . .      SeeInvis .    b - +4 quarterstaff (chaos)
rCold   . . .      Faith    .    (shield currently unavailable)
rNeg    + . .      Spirit   .    C - +3 leather armour {rC+}
rPois   +          Reflect  +    (no helmet)
rElec   .          Harm     .    c - +0 cloak {Will+}
rCorr   .          Rampage  .    (no gloves)
Will    +....                    (no boots)
Stlth   +++.......               a - amulet "Ydexaosch" {Reflect rC- Regen+ Str-5 Dex+7 SH+5}
HPRegen 1.11/turn                l - ring "Cige" {rPois rN+ Str+6 Dex+2}
MPRegen 0.13/turn                (no ring)

@: no status effects
A: fangs 1, strong nose, distributed training
a: no special abilities


You were on level 5 of the Dungeon.
You visited 1 branch of the dungeon, and saw 5 of its levels.

You collected 218 gold pieces.
You spent 144 gold pieces at shops.

Inventory:

Hand Weapons
 b - a +4 quarterstaff of chaos (weapon)
Missiles
 d - a throwing net
 g - 10 boomerangs (quivered)
 i - 19 stones
 q - 5 poisoned darts
Armour
 c - a +0 cloak of willpower (worn)
 C - a +3 leather armour of cold resistance (worn)
Jewellery
 a - the amulet "Ydexaosch" (around neck) {Reflect rC- Regen+ Str-5 Dex+7 SH+5}
   (You found it on level 5 of the Dungeon)

   [amulet of reflection]

   It reflects blocked missile attacks.
   Str:       It affects your strength (-5).
   Dex:       It affects your dexterity (+7).
   rC:        It makes you vulnerable to cold.
   Regen:     It increases your rate of health regeneration.
   SH:        It affects your SH (+5).
 l - the ring "Cige" (left hand) {rPois rN+ Str+6 Dex+2}
   (You found it on level 2 of the Dungeon)

   [ring of poison resistance]

   Str:       It affects your strength (+6).
   Dex:       It affects your dexterity (+2).
   rPois:     It protects you from poison.
   rN:        It protects you from negative energy.
Wands
 n - a wand of flame (9)
 s - a wand of roots (10)
 y - a wand of digging (6)
 E - a wand of paralysis (8)
Scrolls
 e - 4 scrolls of magic mapping
 f - 3 scrolls of poison
 h - a scroll of fear
 m - a scroll of butterflies
 o - a scroll of teleportation
 t - a scroll of vulnerability {unknown}
 u - a scroll of blinking {unknown}
 v - a scroll of enchant armour {unknown}
 F - a scroll of fog {unknown}
Potions
 j - 3 potions of flight
 k - 3 potions of curing
 p - a potion of berserk rage {unknown}
 r - 2 potions of brilliance {unknown}
 w - a potion of degeneration
 x - a potion of heal wounds
 z - a potion of attraction
 A - a potion of lignification {unknown}
 B - a potion of cancellation {unknown}
 D - a potion of mutation {unknown}


   Skills:
 + Level 7.6 Fighting
 + Level 3.7 Short Blades
 + Level 3.7 Long Blades
 + Level 3.7 Axes
 + Level 6.0 Maces & Flails
 + Level 3.7 Polearms
 + Level 3.7 Staves
 + Level 3.7 Ranged Weapons
 + Level 3.7 Throwing
 + Level 7.6 Armour
 + Level 3.7 Dodging
 + Level 3.7 Stealth
 + Level 7.6 Shields
 + Level 3.7 Unarmed Combat
 + Level 3.7 Spellcasting
 + Level 3.0 Conjurations
 + Level 3.0 Hexes
 + Level 3.0 Summonings
 + Level 3.0 Necromancy
 + Level 3.0 Translocations
 + Level 3.0 Transmutations
 + Level 3.0 Fire Magic
 + Level 3.0 Ice Magic
 + Level 3.0 Air Magic
 + Level 3.0 Earth Magic
 + Level 3.0 Poison Magic
 + Level 4.1 Invocations
 + Level 3.7 Evocations


You had 13 spell levels left.
You knew the following spells:

 Your Spells              Type           Power      Damage    Failure   Level
a - Foxfire               Conj/Fire      24%        2x1d5     10%         1

Your spell library contained the following spells:

 Spells                   Type           Power      Damage    Failure   Level
 Cigotuvi's Dreadful Rot  Necr/Pois/Air  12%        N/A       14%         2
 Poisonous Vapours        Pois/Air       12%        N/A       14%         2
 Gell's Gravitas          Tloc           6%         N/A       28%         3
 Hailstorm                Conj/Ice       6%         3d4       28%         3
 Inner Flame              Hex/Fire       6%         N/A       28%         3
 Mephitic Cloud           Conj/Pois/Air  6%         N/A       28%         3
 Teleport Other           Tloc           6%         N/A       28%         3
 Ice Form                 Ice/Tmut       6%         N/A       67%         4
 Dispersal                Tloc           3%         N/A       100%        6
 Simulacrum               Ice/Necr       3%         N/A       100%        6
 Borgnjor's Revivificati  Necr           3%         N/A       100%        8
 Ignition                 Fire           3%         3d4       100%        8


Dungeon Overview and Level Annotations

Branches:
Dungeon (5/15)
 Temple: D:4-7

Altars:
Ashenzari
Sif Muna
Uskayaw
Xom
Yredelemnul

Shops:
D:4 (![


Innate Abilities, Weirdness & Mutations

You have very sharp teeth.
Your uncanny sense of smell can sniff out nearby items.
Your experience applies equally to all skills.


Message History

The orc warrior barely misses you.
Casting: Foxfire (safe; 10% risk of failure)
Confirm with . or Enter, or press ? or * to list all spells.
You conjure some foxfire!
The foxfire hits the ice beast but does no damage.
The ice beast is lightly wounded.
The foxfire hits the ice beast.
The ice beast melts!
The ice beast is lightly wounded.
You block the orc warrior's attack. The ice beast misses you.
Casting: Foxfire (safe; 10% risk of failure)
Confirm with . or Enter, or press ? or * to list all spells.
You conjure some foxfire!
The foxfire hits the orc warrior but does no damage.
The orc warrior is severely wounded.
The foxfire hits the ice beast.
The ice beast melts!
The ice beast is moderately wounded.
The ice beast hits you. The ice beast freezes you.
The orc warrior hits you with a +0 trident!
* * * LOW HITPOINT WARNING * * *
Casting: Foxfire (safe; 10% risk of failure)
Confirm with . or Enter, or press ? or * to list all spells.
You conjure some foxfire!
The foxfire hits the orc warrior but does no damage.
The orc warrior is severely wounded.
The foxfire hits the ice beast.
The ice beast melts!
The ice beast is heavily wounded.
The ice beast barely misses you. The orc warrior misses you.
The foxfire hits the orc warrior but does no damage.
The orc warrior is severely wounded.
The foxfire hits the ice beast!
The ice beast melts!
The ice beast is severely wounded.
The orc warrior closely misses you.
You hit the orc warrior. You freeze the orc warrior.
The orc warrior is almost dead.
The orc warrior hits you with a +0 trident.
* * * LOW HITPOINT WARNING * * *
The ice beast hits you.
* * * LOW HITPOINT WARNING * * *
The ice beast freezes you!
You die...

##. ...........##. ###...
..##...#...!..#.. ......
.......###.......
.......##.##...#........
....# ................#
....##......#........#
....................#
....## #.......)Yo..##..
.....####....#.ยง@.......
..#...........#.#....#..
..##..#.##....####......
..##....##.....# ......
#........#....## ......
###...........## ...#. #
#.......)....## ...#
###.............### ..#
#........##.......#


You could see an orc warrior and an ice beast.

Vanquished Creatures
  Sigmund (D:2)
  A water moccasin (D:4)
  An ice beast (D:5)
  3 ogres (D:5)
  A scorpion (D:5)
  A howler monkey (D:4)
  4 hounds
  2 jellies (D:4)
  Crazy Yiuf (D:3)
  A gnoll bouda (D:5)
  Jessica (D:3)
  Natasha (thrice) (D:2)
  2 iguanas
  Ijyb (D:3)
  3 orc wizards
  12 gnolls
  6 adders
  2 ufetubi (D:5)
  2 worms (D:2)
  5 dart slugs
  14 orcs
  6 ball pythons
  A bat (D:2)
  7 endoplasms
  4 giant cockroaches
  6 hobgoblins
  6 jackals
  A kobold (D:1)
  3 quokkas
  2 frilled lizards
  10 goblins
  5 rats
118 creatures vanquished.

Vanquished Creatures (others)
  90 foxfires
90 creatures vanquished.

Grand Total: 208 creatures vanquished

Notes
Turn   | Place    | Note
-------+----------+-------------------------------------------
     0 | D:1      | NinjaNoafa the Gnoll Fighter began the quest for the Orb.
     0 | D:1      | Reached XP level 1. HP: 23/23 MP: 1/1
   121 | D:1      | Reached XP level 2. HP: 21/29 MP: 2/2
   212 | D:1      | Noticed a golden eye
   216 | D:1      | Noticed a great orb of eyes
   218 | D:1      | Found a faded altar of an unknown god.
   219 | D:1      | Noticed an eye of devastation
   219 | D:1      | Noticed a great orb of eyes
   374 | D:1      | Reached XP level 3. HP: 35/35 MP: 3/3
   559 | D:1      | Reached skill level 1 in Invocations
  1110 | D:2      | Reached skill level 1 in Short Blades
  1110 | D:2      | Reached skill level 1 in Long Blades
  1110 | D:2      | Reached skill level 1 in Axes
  1110 | D:2      | Reached skill level 1 in Polearms
  1110 | D:2      | Reached skill level 1 in Staves
  1110 | D:2      | Reached skill level 1 in Ranged Weapons
  1110 | D:2      | Reached skill level 1 in Throwing
  1110 | D:2      | Reached skill level 1 in Dodging
  1110 | D:2      | Reached skill level 1 in Stealth
  1110 | D:2      | Reached skill level 1 in Unarmed Combat
  1110 | D:2      | Reached skill level 1 in Spellcasting
  1110 | D:2      | Reached skill level 1 in Evocations
  1194 | D:2      | Identified the ring "Cige" {rPois rN+ Str+6 Dex+2}
  1293 | D:2      | Reached XP level 4. HP: 41/41 MP: 5/5
  1295 | D:2      | Noticed Natasha
  1300 | D:2      | Killed Natasha
  1301 | D:2      | Reached skill level 1 in Conjurations
  1301 | D:2      | Reached skill level 1 in Hexes
  1301 | D:2      | Reached skill level 1 in Summonings
  1301 | D:2      | Reached skill level 1 in Necromancy
  1301 | D:2      | Reached skill level 1 in Translocations
  1301 | D:2      | Reached skill level 1 in Transmutations
  1301 | D:2      | Reached skill level 1 in Fire Magic
  1301 | D:2      | Reached skill level 1 in Ice Magic
  1301 | D:2      | Reached skill level 1 in Air Magic
  1301 | D:2      | Reached skill level 1 in Earth Magic
  1301 | D:2      | Reached skill level 1 in Poison Magic
  1316 | D:2      | Noticed Sigmund
  1326 | D:2      | Killed Sigmund
  1327 | D:2      | Reached XP level 5. HP: 41/47 MP: 5/7
  1327 | D:2      | Reached XP level 6. HP: 46/53 MP: 5/8
  1356 | D:2      | Noticed Natasha
  1365 | D:2      | Killed Natasha
  1366 | D:2      | Reached skill level 5 in Maces & Flails
  1560 | D:2      | Noticed Natasha
  1567 | D:2      | Killed Natasha
  2038 | D:3      | Got the Octavo of Red-Hot Dark Liturgies
  2095 | D:3      | Noticed Jessica
  2098 | D:3      | Killed Jessica
  2270 | D:3      | Found a runed translucent door.
  2271 | D:3      | Noticed Crazy Yiuf
  2392 | D:3      | Noticed Ijyb
  2398 | D:3      | Killed Ijyb
  3250 | D:3      | Killed Crazy Yiuf
  3251 | D:3      | Reached XP level 7. HP: 40/60 MP: 6/10
  3720 | D:4      | Found Daxocvod's Distillery.
  3728 | D:4      | Bought a potion of degeneration for 12 gold pieces
  3728 | D:4      | Bought a potion of curing for 36 gold pieces
  3728 | D:4      | Bought a potion of heal wounds for 60 gold pieces
  3728 | D:4      | Bought a potion of attraction for 36 gold pieces
  3825 | D:4      | Found a shimmering altar of Xom.
  3875 | D:4      | Found Dewkas's Antique Armour Boutique.
  3916 | D:4      | Found a basalt altar of Yredelemnul.
  3970 | D:4      | Found Suefiyt's Weapon Shop.
  4004 | D:4      | Found a broken altar of Ashenzari.
  4019 | D:4      | Found a large runed translucent door.
  4026 | D:4      | Found a large runed translucent door.
  4225 | D:4      | Learned a level 1 spell: Foxfire
  4378 | D:4      | Found a shimmering blue altar of Sif Muna.
  4390 | D:4      | Found a hide-covered altar of Uskayaw.
  4412 | D:5      | Entered Level 5 of the Dungeon
  4863 | D:5      | Identified the amulet "Ydexaosch" {Reflect rC- Regen+ Str-5
                  | Dex+7 SH+5}
  4904 | D:5      | Reached XP level 8. HP: 64/67 MP: 12/12
  5238 | D:5      | Slain by an ice beast

Illustrated notes

Levels and vault maps discovered:
D:1:      dpeg_arrival_concentric_ovals, layout_basic,
          hellmonk_ecumenical_altar_watching_god, st_stairs_2
D:2:      layout_loops_ring, serial_bayou_pond_d, uniq_sigmund, uniq_natasha
D:3:      layout_loops_ring, eino_tiny_chamber, kennysheep_path_1, uniq_ijyb,
          uniq_crazy_yiuf_cottage, uniq_jessica
D:4:      layout_rooms, yredelemnul_altar_generic, mainiacjoe_overflow_alcove_1,
          dk_xom_monty_hall, jmf_multi_god_temple2, serial_shops, shop, shop,
          nicolae_shop_bloodbath_and_beyond
D:5:      layout_cave_pools, minmay_ruined_shrine

Skill      XL: |  1  2  3  4  5  6  7  8 |
---------------+-------------------------+-----
Invocations    | 1 2 3 4 |  4.1
Short Blades   | 1 2 3 |  3.7
Long Blades    | 1 2 3 |  3.7
Axes           | 1 2 3 |  3.7
Polearms       | 1 2 3 |  3.7
Staves         | 1 2 3 |  3.7
Ranged Weapons | 1 2 3 |  3.7
Throwing       | 1 2 3 |  3.7
Dodging        | 1 2 3 |  3.7
Stealth        | 1 2 3 |  3.7
Unarmed Combat | 1 2 3 |  3.7
Spellcasting   | 1 2 3 |  3.7
Evocations     | 1 2 3 |  3.7
Conjurations   | 1 2 3 |  3.0
Hexes          | 1 2 3 |  3.0
Summonings     | 1 2 3 |  3.0
Necromancy     | 1 2 3 |  3.0
Translocations | 1 2 3 |  3.0
Transmutations | 1 2 3 |  3.0
Fire Magic     | 1 2 3 |  3.0
Ice Magic      | 1 2 3 |  3.0
Air Magic      | 1 2 3 |  3.0
Earth Magic    | 1 2 3 |  3.0
Poison Magic   | 1 2 3 |  3.0
Maces & Flails | 5 6 |  6.0
Fighting       | 7 |  7.6
Armour         | 7 |  7.6
Shields        | 7 |  7.6

Action                   |  1- 3 |  4- 6 |  7- 9 || total
-------------------------+-------+-------+-------++-------
Melee: Flail             |    85 |    91 |       ||   176
       Bite              |     9 |    10 |    10 ||    29
       Quarterstaff      |       |       |   127 ||   127
Throw: Boomerang         |     6 |    11 |       ||    17
 Cast: Foxfire           |       |       |    53 ||    53
Evoke: Wand              |       |     2 |       ||     2
  Use: Potion            |       |     1 |       ||     1
       Scroll            |       |       |     6 ||     6
 Stab: Distracted        |       |       |     1 ||     1
Armor: Scale mail        |    42 |    30 |       ||    72
       Leather armour    |       |       |    57 ||    57
Dodge: Dodged            |    30 |    34 |   133 ||   197
Block: Buckler           |    17 |    18 |       ||    35
       Kite shield       |       |     2 |       ||     2
       Other             |       |       |    18 ||    18

Table legend: (Time is in decaauts)
 A = Elapsed time spent in this place.
 B = Non-inter-level travel time spent in this place.
 C = Inter-level travel time spent in this place.
 D = Time resting spent in this place.
 E = Time spent auto-exploring this place.
 F = Levels seen in this place.
 G = Mean time per level.
                   A        B        C        D        E       F      G
               +--------+--------+--------+--------+--------+-----+--------+
         Total |   5306 |   4473 |    833 |      0 |   3361 |   5 | 1061.2 |
       Dungeon |   5306 |   4473 |    833 |      0 |   3361 |   5 | 1061.2 |
               +--------+--------+--------+--------+--------+-----+--------+

Top non-repeatable levels by time:
     D:3: 2000 daAuts
     D:1: 1019 daAuts
     D:4: 951 daAuts
     D:2: 904 daAuts
     D:5: 430 daAuts
